AoeStats
← 381855661

Arabia

510313851Analyzed
1v1 RM · 15h ago on Sep 30, 2026· 70m 10s· 2 players
Game mode
Random Map
Map size
Tiny (2 player)
Population
200
Speed
Normal
Resources
Standard
Victory
Conquest
Starting age
Dark Age
Ending age
Imperial Age
RankedLock teamsTeams togetherTeam positionsShared explorationLock speedFull tech treeHidden civsTurbo modeCheats
Victory
Defeat
🇺🇸 Mongols · United States
958
+15
🇨🇳 Turks · China
937
-15
381855661
6:21 Loom
10:33 Feudal Age
11:05 Double-Bit Axe
11:02 Horse Collar
19:15 Castle Age
17:10 Stone Mining
17:54 Gold Mining
21:23 Bow Saw
21:11 Town Watch
22:25 Heavy Plow
29:15 Treadmill Crane
30:12 Wheelbarrow
32:49 Imperial Age
31:08 Ballistics
30:50 Padded Archer Armor
30:57 Scale Barding Armor
31:02 Forging
31:51 Fletching
32:17 Leather Archer Armor
32:36 Bloodlines
32:27 Husbandry
32:51 Chain Barding Armor
33:06 Sipahi
34:39 Two-Man Saw
33:55 Hand Cart
34:21 Gold Shaft Mining
34:37 Heavy Cavalry Archer
35:43 Parthian Tactics
36:10 Ring Archer Armor
35:36 Bodkin Arrow
36:42 Town Patrol
37:09 Bombard Tower
37:11 Conscription
37:28 Hoardings
36:45 Guard Tower
36:40 Arrowslits
37:06 Masonry
38:25 Fortified Wall
38:27 Bracer
39:03 Plate Barding Armor
39:03 Iron Casting
39:09 Keep
38:29 Murder Holes
40:08 Heavy Camel Rider
42:03 Blast Furnace
43:07 Guilds
43:41 Artillery
48:37 Architecture
47:31 Elite Janissary
48:13 Squires
48:20 Thumb Ring
xGilkox
7:18 Loom
9:59 Feudal Age
13:48 Double-Bit Axe
13:49 Horse Collar
18:16 Castle Age
20:50 Pikeman
21:54 Thumb Ring
22:55 Fletching
23:50 Bow Saw
24:58 Bodkin Arrow
26:51 Padded Archer Armor
28:01 Wheelbarrow
30:03 Ballistics
30:50 Bloodlines
30:42 Husbandry
31:04 Leather Archer Armor
31:39 Light Cavalry
35:38 Heavy Plow
39:37 Imperial Age
37:48 Hand Cart
41:04 Parthian Tactics
41:26 Bracer
41:58 Hussar
44:18 Chemistry
45:56 Heavy Cavalry Archer
47:16 Elite Skirmisher
58:47 Forging
62:46 Cavalier
64:32 Squires
65:14 Iron Casting
64:39 Scale Mail Armor
Connection lost

Rejoining the realm…

Still unreachable

The connection could not be restored.

Session expired

The server has moved on; the page needs a fresh start.